 Dungeon Crawl Stone Soup version 0.27.0-1-g7a089689b8 (webtiles) character file.

Game seed: 16515742835300790072

12 BOMJPIETVODKU the Ruffian (level 2, -7/23 HPs)
             Began as a Draconian Transmuter on Aug 3, 2021.
             Mangled by a gnoll (8 damage)
             ... on level 1 of the Dungeon.
             The game lasted 00:02:10 (878 turns).

BOMJPIETVODKU the Ruffian (Draconian Transmuter)     Turns: 878, Time: 00:02:11

Health: -7/23      AC:  4    Str: 12    XL:     2   Next: 20%
Magic:  5/5        EV: 12    Int: 13    God:
Gold:   79         SH:  0    Dex: 11    Spells: 4/5 levels left

rFire    . . .     SeeInvis .     - Unarmed
rCold    . . .     Faith    .   (no shield)
rNeg     . . .     Spirit   .   (armour unavailable)
rPois    .         Reflect  .   (helmet restricted)
rElec    .         Harm     .   (no cloak)
rCorr    .         Rampage  .   (no gloves)
Will     .....                  (no boots)
Stlth    +.........             (no amulet)
HPRegen  0.07/turn              (no ring)
MPRegen  0.09/turn              (no ring)

@: no status effects
A: AC +4, unfitting armour, cold-blooded
a: no special abilities


You were on level 1 of the Dungeon.
You visited 1 branch of the dungeon, and saw 2 of its levels.

You collected 79 gold pieces.

Inventory:

Jewellery
 b - a ring of flight
Scrolls
 a - a scroll of identify {unknown}
Potions
 c - a potion of curing {unknown}


   Skills:
 * Level 1.3 Fighting
 + Level 1.9 Dodging
 + Level 3.2 Unarmed Combat
 + Level 2.2 Spellcasting
 + Level 2.0 Transmutations


You had 4 spell levels left.
You knew the following spells:

 Your Spells              Type           Power      Damage    Failure   Level
a - Beastly Appendage     Tmut           12%        N/A       11%         1

Your spell library contained the following spells:

 Spells                   Type           Power      Damage    Failure   Level
 Wereblood                Tmut           6%         N/A       16%         2
 Spider Form              Tmut/Pois      2%         N/A       43%         3
 Ice Form                 Ice/Tmut       4%         N/A       85%         4


Dungeon Overview and Level Annotations

Branches:
Dungeon (2/15)

Altars:

Shops:
D:1 *


Innate Abilities, Weirdness & Mutations

Your plain brown scales are hard. (AC +4)
You cannot fit into any form of body armour.
You are cold-blooded and may be slowed by cold attacks.


Message History

The gnoll is almost dead.
The adder bites you.
* * * LOW HITPOINT WARNING * * *
The gnoll barely misses you. The adder barely misses you.
The gnoll completely misses you.
Your horns disappear.
Your talons disappear.
The adder bites you.
* * * LOW HITPOINT WARNING * * *
You are poisoned.
The adder poisons you!
You feel sick.
You feel sick.
You feel sick. The adder bites you.
* * * LOW HITPOINT WARNING * * *
* * * LOW HITPOINT WARNING * * *
You feel sick.
You are no longer poisoned.
The adder barely misses you. The adder barely misses you. The adder misses you.
The adder closely misses you. The adder bites you but does no damage.
The adder closely misses you. The adder bites you.
* * * LOW HITPOINT WARNING * * *
The adder bites you but does no damage. The adder barely misses you.
The adder closely misses you.
There is a stone staircase leading down here.
You can't go up here!
The adder completely misses you. The adder barely misses you.
You climb downwards.
The gnoll closely misses you. The frilled lizard barely misses you.
The gnoll hits you with a +0 whip.
* * * LOW HITPOINT WARNING * * *
There is a stone staircase leading up, spattered with blood here.
The frilled lizard closely misses you. The adder barely misses you.
The gnoll closely misses you.
You climb upwards.
The gnoll barely misses you. The gnoll hits you with a +0 flail!
You die...

#)# #.# #.## #.# #.# #.# #.# #.#
######.# #.# #.# #.# .......# #.#
#.# #.# ######## #.# #.# #.###
......# #.####.# #.... #####.#
#...##.# ####. #
#.##########S##.# #. #
#S.........g@l..# #)
################g##.##### #.
............# #.##.#...########.
###.#.#.....####.##.#............
#.#.#.......##.##.#...#########
#.#.......#.##.##.##.##
###.#.#.............##.#
.[...#####.......#####.#
###.#.###.###.#### #.#


You could see 2 gnolls, an adder and a frilled lizard.

Vanquished Creatures
  2 goblins (D:1)
  2 hobgoblins (D:1)
  3 ball pythons (D:1)
  2 bats (D:1)
  A frilled lizard (D:1)
  2 rats (D:1)
12 creatures vanquished.

Notes
Turn   | Place    | Note
-------+----------+-------------------------------------------
     0 | D:1      | BOMJPIETVODKU the Draconian Transmuter began the quest for
                  | the Orb.
     0 | D:1      | Reached XP level 1. HP: 16/16 MP: 3/3
    83 | D:1      | Found a faded altar of an unknown god.
   128 | D:1      | Found Dexoun's Assorted Antiques.
   195 | D:1      | Reached XP level 2. HP: 22/23 MP: 3/5
   843 | D:1      | HP: 1/23 [poisoned by an adder]
   862 | D:1      | HP: 1/23 [adder (1)]
   876 | D:2      | HP: 1/23 [gnoll (1)]
   878 | D:1      | Mangled by a gnoll

Illustrated notes

Levels and vault maps discovered:
D:1:      dpeg_arrival_shrine, layout_loops_ring, serial_shops,
          nicolae_shop_trees, shapermc_ecumenical_altar_starsandcircs,
          chequers_serial_rivers_micro_a
D:2:      layout_rooms

Action                   || total
-------------------------++-------
Melee: Unarmed           ||    31
       Kick              ||     5
       Tailslap          ||     3
       Headbutt          ||     3
 Cast: Beastly Appendage ||     9
Armor: Skin              ||    13
Dodge: Dodged            ||    53
